 Dungeon Crawl Stone Soup version 0.31-a0-983-g7b6862f502 (webtiles) character file.

Game seed: 7774628515402919395

18956 Fodor the Severer (level 12, -4/110 HPs)
             Began as a Minotaur Fighter on Nov 2, 2023.
             Was an Initiate of Gozag.
             Killed from afar by a hell hound (18 damage)
             ... with a blast of flame
             ... led by Azrael
             ... on level 12 of the Dungeon on Nov 3, 2023.
             The game lasted 01:01:33 (11516 turns).

Fodor the Severer (Minotaur Fighter)               Turns: 11516, Time: 01:01:34

Health: -4/110     AC: 31    Str: 32    XL:     12   Next: 32%
Magic:  11/11      EV:  9    Int:  5    God:    Gozag
Gold:   1302       SH:  5    Dex: 14    Spells: 11/11 levels left

rFire   x . .        Q - +1 battleaxe (flame)
rCold   . . .        (shield currently unavailable)
rNeg    . . .        r - +10 plate armour of the Prince of Darkness {rElec rF- Str+6 Dex+4}
rPois   +            (helmet restricted)
rElec   +            n - +2 cloak
rCorr   .            (no gloves)
SInv    .            V - +1 pair of boots
Will    +....        p - amulet of reflection Stlth
                     q - ring of willpower
HPRegen 0.38/turn    D - ring of poison resistance
MPRegen 0.12/turn

%: reflection
@: gold aura
A: horns 2, retaliatory headbutt
a: Renounce Religion, Potion Petition, Call Merchant, Bribe Branch


You were on level 12 of the Dungeon.
You worshipped Gozag.
Gozag was most pleased with you.
You visited 2 branches of the dungeon, and saw 13 of its levels.
You visited 1 bazaar.

You collected 2035 gold pieces.
You spent 621 gold pieces at shops.
You paid 112 gold pieces to Gozag.

Inventory:

Hand Weapons
 a - a +2 war axe of protection
 b - a +0 great mace
 E - a +0 shortbow
 Q - a +1 battleaxe of flaming (weapon)
Missiles
 I - 22 poisoned darts
 M - 8 boomerangs (quivered)
Armour
 k - a +0 kite shield
 n - a +2 cloak (worn)
 r - the +10 plate armour of the Prince of Darkness (worn) {rElec rF- Str+6 Dex+4}
   (You found it on level 3 of the Dungeon)

   Str+6:     It affects your strength (+6).
   Dex+4:     It affects your dexterity (+4).
   rF-:       It makes you vulnerable to fire.
   rElec:     It insulates you from electricity.
 V - a +1 pair of boots (worn)
Jewellery
 m - a ring of ice
 p - an amulet of reflection (around neck)
 q - a ring of willpower (left hand)
 D - a ring of poison resistance (right hand)
 U - a +5 ring of evasion
Talismans
 j - a granite talisman
Wands
 u - a wand of polymorph (6)
 B - a wand of flame (17)
 O - a wand of iceblast (12)
 P - a wand of acid (4)
 R - a wand of digging (5)
Scrolls
 f - 5 scrolls of teleportation
 g - 7 scrolls of noise
 h - 2 scrolls of summoning {unknown}
 i - a scroll of brand weapon
 o - 2 scrolls of revelation
 t - a scroll of vulnerability {unknown}
 y - a scroll of immolation {unknown}
 z - 2 scrolls of torment {unknown}
 A - 2 scrolls of poison
 H - 3 scrolls of fog
 J - 2 scrolls of blinking {unknown}
 K - 2 scrolls of amnesia {unknown}
 S - a scroll of fear {unknown}
Potions
 c - a potion of cancellation {unknown}
 d - a potion of resistance {unknown}
 e - 2 potions of lignification {unknown}
 l - 2 potions of enlightenment {unknown}
 s - 2 potions of heal wounds {unknown}
 v - 3 potions of attraction {unknown}
 w - 3 potions of ambrosia
 x - 3 potions of brilliance {unknown}
 C - a potion of invisibility {unknown}
 F - a potion of magic {unknown}
 G - 2 potions of haste
 L - 2 potions of curing
 N - a potion of berserk rage {unknown}


   Skills:
 + Level 11.2 Fighting
 + Level 15.9 Axes
 + Level 2.0 Throwing
 + Level 11.0 Armour
 + Level 3.2 Dodging
 + Level 2.0 Stealth
 + Level 10.7 Shields


You had 11 spell levels left.
You didn't know any spells.
Your spell library contained the following spells:

 Spells                   Type           Power      Damage    Failure   Level
 Magic Dart               Conj           0%         1d3       97%         1
 Call Imp                 Summ           0%         N/A       99%         2
 Cigotuvi's Dreadful Rot  Necr/Pois/Air  0%         N/A       99%         2
 Ignite Poison            Fire/Tmut/Pois 0%         N/A       100%        3
 Mephitic Cloud           Conj/Pois/Air  0%         N/A       100%        3
 Freezing Cloud           Conj/Ice/Air   0%         6-21      100%        5


Dungeon Overview and Level Annotations

Branches:
Dungeon (12/15)            Temple (1/1) D:5            Lair (0/5) D:9
    Orc (0/2) D:10

Altars:
Ashenzari
Cheibriados
Dithmenos
Elyvilon
Fedhas
Gozag
Hepliaklqana
Kikubaaqudgha
Makhleb
Nemelex Xobeh
Okawaru
Qazlal
Ru
Sif Muna
Trog
Uskayaw
Vehumet
Wu Jian
Xom
Yredelemnul
Zin
The Shining One

Annotations:
D:12 Azrael


Innate Abilities, Weirdness & Mutations

You have a pair of horns on your head.
You reflexively headbutt those who attack you in melee.


Message History

The troll shouts!
The troll bites you but does no damage. The troll claws you!
The troll claws you.
You slice the troll!! You burn the troll. Your headbutt misses the troll.
The troll is severely wounded.
You slash the troll! You burn the troll.
You kill the troll!
Your Armour skill increases to level 11!
You now have 1302 gold pieces (gained 15). 2 hell hounds come into view.
The hell hound barks! x2; You hear a bark!
Azrael the Boundless Flame comes into view.
He is wielding a +3 scimitar of flaming.
A hell hound comes into view.
A fire elemental comes into view.
The hell hound barks!
Azrael gestures at you.
The bolt of fire hits the hell hound.
The hell hound completely resists.
The bolt of fire hits the hell hound.
The hell hound completely resists.
The bolt of fire hits you!!! The fire burns you terribly!
The hell hound breathes flames at you.
The blast of flame hits the hell hound.
The hell hound completely resists.
The blast of flame hits the hell hound.
The hell hound completely resists.
The blast of flame hits you but does no damage.
You block the hell hound's attack.
You slice the hell hound!!
You kill the hell hound!
The hell hound breathes flames at you.
The blast of flame hits you but does no damage.
Azrael gestures at you.
The bolt of fire hits the hell hound.
The hell hound completely resists.
The bolt of fire hits the hell hound.
The hell hound completely resists.
The bolt of fire hits you!!! The fire burns you terribly!
* * * LOW HITPOINT WARNING * * *
The hell hound stops to sniff the ground.
The hell hound attacks as it pursues you!
The hell hound bites you but does no damage.
The hell hound breathes flames at you. The blast of flame hits you!!
The fire burns you terribly!
You die...
Your body crumbles into a pile of gold.

##.....## .#
##.......## ..##
##.........# ...#
##..........## ...#
#............#
#..##........<...#
#..#............##
#..#............#
##@...........(.#
#.#............#
##h######..)#####
#h$# ###..## #.##
##.>## # #.
#######..####
E######...####...##
#°##...........#....
.R#............###..


You could see a fire elemental and 2 hell hounds.

Vanquished Creatures
  Erica (D:8)
  5 two-headed ogres
  6 death yaks (D:9)
  An orc knight (D:11)
  A manticore (D:11)
  2 ugly things (D:11)
  Joseph (D:9)
  A gargoyle (D:11)
  Jeremiah (D:8)
  An unseen horror (D:11)
  4 kobold demonologists
  A troll (D:12)
  Prince Ribbit (D:7)
  2 hornets
  Sigmund (D:2)
  A vampire (D:10)
  A human (D:10)
  A wraith (D:11)
  9 yaks
  A steam dragon (D:10)
  A warg (D:10)
  A water moccasin (D:7)
  A hell hound (D:12)
  A sky beast (D:7)
  9 orc warriors
  2 ogres
  3 black bears
  The ghost of sokol815 the Chopper, an amateur OpFi (D:3)
  7 centaurs
  2 phantoms
  2 kobold brigands (D:10)
  3 bullfrogs
  2 gnoll sergeants
  4 scorpions
  4 wights (D:9)
  10 killer bees
  2 howler monkeys
  12 hounds
  2 jellies
  8 orc priests
  Crazy Yiuf (D:2)
  3 centaur skeletons (D:3)
  Ijyb (D:3)
  Terence (D:3)
  6 iguanas
  12 orc wizards
  20 gnolls
  4 adders
  A howler monkey skeleton (D:3)
  A shadow imp (D:6)
  A white imp (D:6)
  2 ufetubi (D:6)
  3 dart slugs
  55 orcs
  3 ball pythons (D:3)
  9 endoplasms
  A giant cockroach (D:2)
  5 goblins
  7 hobgoblins
  2 jackals (D:1)
  3 quokkas
  7 bats
  4 frilled lizards
  11 kobolds
  A rat (D:2)
283 creatures vanquished.

Vanquished Creatures (others)
  A kobold brigand (D:9)
  A kobold (D:10)
2 creatures vanquished.

Grand Total: 285 creatures vanquished

Notes
Turn   | Place    | Note
-------+----------+-------------------------------------------
     0 | D:1      | Fodor the Minotaur Fighter began the quest for the Orb.
     0 | D:1      | Reached XP level 1. HP: 19/19 MP: 0/0
   173 | D:1      | Reached XP level 2. HP: 27/27 MP: 1/1
   820 | D:2      | Noticed Sigmund
   831 | D:2      | Killed Sigmund
   832 | D:2      | Reached skill level 3 in Axes
   832 | D:2      | Reached skill level 1 in Dodging
   832 | D:2      | Reached XP level 3. HP: 25/34 MP: 2/2
   832 | D:2      | Reached XP level 4. HP: 30/41 MP: 3/3
   832 | D:2      | Reached XP level 5. HP: 34/47 MP: 4/4
   837 | D:2      | Reached skill level 4 in Axes
  1579 | D:2      | Found a runed translucent door.
  1580 | D:2      | Noticed Crazy Yiuf
  1585 | D:2      | Killed Crazy Yiuf
  1586 | D:2      | Reached skill level 5 in Fighting
  1874 | D:3      | Found a transporter.
  1877 | D:3      | Found a transporter.
  1878 | D:3      | Noticed a phantom
  1882 | D:3      | Noticed a black bear
  1889 | D:3      | Found an ancient bone altar of Kikubaaqudgha.
  1892 | D:3      | Reached XP level 6. HP: 46/56 MP: 5/5
  1894 | D:3      | Reached skill level 5 in Armour
  1906 | D:3      | Reached skill level 5 in Axes
  1909 | D:3      | Identified the +10 plate armour of the Prince of Darkness
                  | {rElec rF- Str+6 Dex+4}
  2037 | D:3      | Found a runed translucent gate.
  2037 | D:3      | Found a runed translucent gate.
  2038 | D:3      | Found a runed translucent gate.
  2040 | D:3      | Noticed sokol815's ghost (amateur OpFi)
  2057 | D:3      | Killed sokol815's ghost
  2058 | D:3      | Reached XP level 7. HP: 54/62 MP: 6/6
  2103 | D:3      | Noticed Terence
  2114 | D:3      | Killed Terence
  2115 | D:3      | Reached skill level 6 in Axes
  2115 | D:3      | Reached skill level 5 in Shields
  2213 | D:3      | Found a glowing silver altar of Zin.
  2213 | D:3      | Found a glowing golden altar of the Shining One.
  2214 | D:3      | Found a white marble altar of Elyvilon.
  2414 | D:3      | Noticed Ijyb
  2421 | D:3      | Killed Ijyb
  2846 | D:4      | Found a blossoming altar of Fedhas.
  3504 | D:4      | Found a hazy altar of Hepliaklqana.
  3627 | D:5      | Entered Level 5 of the Dungeon
  3646 | D:5      | Reached skill level 7 in Axes
  3900 | D:5      | Reached XP level 8. HP: 71/71 MP: 7/7
  4107 | D:5      | Reached skill level 8 in Axes
  4215 | D:5      | Found a staircase to the Ecumenical Temple.
  4239 | Temple   | Entered the Ecumenical Temple
  4726 | D:6      | Found a shimmering altar of Xom.
  4726 | D:6      | Found a shadowy altar of Dithmenos.
  4812 | D:6      | Reached skill level 9 in Axes
  4990 | D:6      | Reached XP level 9. HP: 79/79 MP: 8/8
  5229 | D:6      | Found a broken altar of Ashenzari.
  5229 | D:6      | Found a stormy altar of Qazlal.
  5426 | D:7      | Reached skill level 10 in Axes
  5446 | D:7      | Found an opulent altar of Gozag.
  5451 | D:7      | Became a worshipper of Gozag Ym Sagoz the Greedy
  5483 | D:7      | Noticed Prince Ribbit
  5492 | D:7      | Killed Prince Ribbit
  5955 | D:7      | Reached skill level 11 in Axes
  6021 | D:7      | Found a sparkling altar of Nemelex Xobeh.
  6435 | D:8      | Found an ornate altar of the Wu Jian Council.
  6502 | D:8      | Found a bloodstained altar of Trog.
  6502 | D:8      | Noticed Erica
  6514 | D:8      | Killed Erica
  6555 | D:8      | Found a transporter.
  6598 | D:8      | Reached XP level 10. HP: 90/90 MP: 9/9
  6647 | D:8      | Found a transporter.
  6862 | D:8      | Noticed Jeremiah
  6898 | D:8      | Killed Jeremiah
  6899 | D:8      | Reached skill level 12 in Axes
  7335 | D:8      | Reached skill level 1 in Stealth
  7501 | D:8      | Noticed a two-headed ogre
  7507 | D:8      | Killed a two-headed ogre
  7578 | D:9      | Noticed a two-headed ogre
  7595 | D:9      | Killed a two-headed ogre
  7659 | D:9      | Noticed a death yak
  7664 | D:9      | Reached skill level 13 in Axes
  7666 | D:9      | Noticed a death yak
  7666 | D:9      | Noticed a death yak
  7666 | D:9      | Noticed a death yak
  7668 | D:9      | Noticed a death yak
  7668 | D:9      | Noticed a death yak
  8007 | D:9      | Killed a death yak
  8016 | D:9      | Killed a death yak
  8017 | D:9      | Reached XP level 11. HP: 86/97 MP: 10/10
  8027 | D:9      | Killed a death yak
  8028 | D:9      | Reached skill level 1 in Throwing
  8038 | D:9      | Killed a death yak
  8039 | D:9      | Reached skill level 14 in Axes
  8044 | D:9      | Killed a death yak
  8045 | D:9      | Reached skill level 10 in Fighting
  8057 | D:9      | Killed a death yak
  8388 | D:9      | Noticed a two-headed ogre
  8393 | D:9      | Killed a two-headed ogre
  8461 | D:9      | Noticed a sun demon
  8545 | D:9      | Noticed Joseph
  8554 | D:9      | Killed Joseph
  8811 | D:9      | Found a staircase to the Lair.
  8966 | D:10     | Entered Level 10 of the Dungeon
  8988 | D:10     | Noticed a sixfirhy
  8989 | D:10     | Reached skill level 15 in Axes
  8990 | D:10     | Reached skill level 10 in Armour
  9077 | D:10     | Found a staircase to the Orcish Mines.
 10081 | D:11     | Found a flickering gateway to a bazaar.
 10124 | Bazaar   | Entered a bazaar
 10238 | Bazaar   | Found Myeng's Book Emporium.
 10239 | Bazaar   | Found Byfrom's Distillery.
 10250 | Bazaar   | Bought a potion of curing for 33 gold pieces
 10250 | Bazaar   | Bought 2 potions of ambrosia for 176 gold pieces
 10250 | Bazaar   | Bought a potion of haste for 110 gold pieces
 10250 | Bazaar   | Bought a potion of curing for 33 gold pieces
 10250 | Bazaar   | Bought a potion of curing for 33 gold pieces
 10283 | Bazaar   | Found Wuly's Armour Shoppe.
 10284 | Bazaar   | Found Ycsyn's Assorted Antiques.
 10293 | Bazaar   | Bought a scroll of identify for 56 gold pieces
 10293 | Bazaar   | Bought a tubular wooden ring for 140 gold pieces
 10305 | Bazaar   | Bought a +0 pair of boots for 40 gold pieces
 10488 | D:11     | Reached XP level 12. HP: 108/108 MP: 11/11
 10675 | D:11     | Reached skill level 10 in Shields
 11057 | D:11     | Noticed a two-headed ogre
 11072 | D:11     | Killed a two-headed ogre
 11143 | D:11     | Noticed a two-headed ogre
 11164 | D:11     | Killed a two-headed ogre
 11511 | D:12     | Noticed Azrael
 11516 | D:12     | Killed from afar by a hell hound

Illustrated notes

Levels and vault maps discovered:
D:1:      erik_arrival_triangle_small, layout_loops_cross
D:2:      layout_loops_ring, minivault_4, grunt_ministairs_12, minmay_quantized,
          uniq_crazy_yiuf_cottage, uniq_sigmund
D:3:      layout_loops_cross, good_gods_temple_1,
          gammafunk_temple_overflow_arena, gammafunk_ghost_necromancy,
          uniq_ijyb, uniq_terence
D:4:      layout_gridville, kennysheep_little_box, fedhas_altar_fruit_tree
D:5:      layout_basic, minmay_temple_entry_mini_moons
D:6:      kb_forest_paths, layout_basic, gammafunk_temple_overflow_statue,
          jmf_multi_god_temple, grunt_decor_junction, hangedman_decor_lopped
D:7:      layout_cave_pods, mainiacjoe_overflow_24_doors,
          general_overflow_altar, uniq_prince_ribbit1
D:8:      layout_loops_corners, kennysheep_mini,
          mainiacjoe_overflow_six_doors_small, nicolae_diode_stairs, uniq_erica,
          uniq_jeremiah
D:9:      layout_irregular_city, dpeg_lair_monsters, uniq_joseph
D:10:     layout_long_grid, erik_orc_4
D:11:     layout_roguey [special_room_orc], serial_shops, bzr_entry_dummy,
          chequers_hall_statues_corner_a, chequers_serial_rivers_marsh
D:12:     layout_cave_pods, uniq_azrael
Temple:   nicolae_temple_superstar

Skill      XL: |  1  2  3  4  5  6  7  8  9 10 11 12 |
---------------+-------------------------------------+-----
Armour         | 4 5 7 8 9 10 11 | 11.0
Shields        | 4 5 7 8 9 10 | 10.7
Fighting       | 4 5 6 7 8 9 10 11 | 11.2
Axes           | 3 4 5 7 9 11 13 15 | 15.9
Dodging        | 1 2 3 |  3.2
Stealth        | 1 2 |  2.0
Throwing       | 1 2 |  2.0

Action                     |  1- 3 |  4- 6 |  7- 9 | 10-12 || total
---------------------------+-------+-------+-------+-------++-------
  Melee: War axe           |    53 |    61 |   223 |   384 ||   721
         Headbutt          |     5 |    14 |    37 |    89 ||   145
         Battleaxe         |       |       |       |     3 ||     3
  Throw: Boomerang         |       |       |       |    17 ||    17
    Use: Scroll            |       |       |     5 |     7 ||    12
         Potion            |       |       |       |     4 ||     4
   Stab: Distracted        |       |       |     1 |     2 ||     3
 Armour: Scale mail        |    36 |    47 |       |       ||    83
         Plate armour      |       |    22 |   198 |   292 ||   512
  Dodge: Dodged            |    31 |    37 |   113 |    86 ||   267
  Block: Buckler           |    16 |    18 |    77 |    78 ||   189
         Reflection        |       |       |     2 |    26 ||    28
         Kite shield       |       |       |       |   225 ||   225
         Other             |       |       |       |     1 ||     1
         Form:             |       |     1 |       |       ||     1
         Statue            |       |     1 |       |       ||     1

Table legend: (Time is in decaauts)
 A = Elapsed time spent in this place.
 B = Non-inter-level travel time spent in this place.
 C = Inter-level travel time spent in this place.
 D = Time resting spent in this place.
 E = Time spent auto-exploring this place.
 F = Levels seen in this place.
 G = Mean time per level.
                   A        B        C        D        E       F      G
               +--------+--------+--------+--------+--------+-----+--------+
         Total |  11531 |  11224 |    307 |   1539 |      0 |  14 |  823.6 |
       Dungeon |  11260 |  10953 |    307 |   1439 |      0 |  12 |  938.3 |
        Temple |     71 |     71 |      0 |      0 |      0 |   1 |   71.0 |
        Bazaar |    199 |    199 |      0 |    100 |      0 |   1 |  199.0 |
               +--------+--------+--------+--------+--------+-----+--------+

Top non-repeatable levels by time:
     D:9: 1395 daAuts
    D:11: 1394 daAuts
     D:8: 1238 daAuts
     D:4: 1062 daAuts
     D:2: 1062 daAuts
     D:6: 921 daAuts
     D:7: 890 daAuts
     D:3: 884 daAuts
    D:10: 828 daAuts
     D:1: 825 daAuts
     D:5: 660 daAuts
  Bazaar: 199 daAuts
    D:12: 96 daAuts
  Temple: 71 daAuts
